Map: Prion Terraces

Players

MorN

  • Race: Terran Terran
  • League: Master

Apocalypse - Winner!

  • Race: Protoss Protoss
  • League: Master

VOD

Have the link to the VOD?

Description

Time

  • Played on: Dec. 3, 2015, 12:13 a.m.
  • Length: 16:20
Show
View Real Time Build Order
Export as new Build Order

MorN Terran 

Build Orders: Cyclone Opening, MMM Bio 

Get SALT Encoding   

  12  0:00  SCV  
  13  0:13  SCV  
  14  0:17  Supply Depot  
  14  0:25  SCV  
  15  0:39  SCV, Barracks  
  16  0:43  Refinery  
  16  0:51  SCV  
  17  1:03  SCV  
  18  1:15  SCV  
  19  1:27  Marine  
  19  1:28  Orbital Command  
  20  1:42  Command Center  
  20  1:52  Factory  
  20  1:56  SCV  
  21  2:07  Marine  
  22  2:09  Supply Depot  
  22  2:16  SCV  
  23  2:30  Marine  
  23  2:33  SCV  
  25  2:37  Factory Tech Lab  
  25  2:40  Barracks  
  25  2:45  SCV  
  25  2:48  Marine  
  27  2:54  Orbital Command  
  27  2:56  Cyclone  
  31  2:58  SCV  
  31  3:06  Marine  
  31  3:10  SCV  
  31  3:11  Refinery  
  33  3:13  Engineering Bay  
  33  3:21  SCV  
  33  3:22  SCV  
  34  3:34  SCV  
  34  3:38  SCV  
  35  3:43  Barracks  
  35  3:44  Barracks Tech Lab  
  35  3:46  Supply Depot  
  35  3:50  Stimpack  
  35  3:51  Factory Reactor  
  35  3:52  SCV  
  36  4:03  Command Center  
  36  4:08  Marine x2  
  39  4:10  SCV  
  39  4:12  Terran Infantry Weapons Level 1  
  39  4:15  SCV  
  40  4:22  SCV  
  41  4:26  Supply Depot  
  41  4:27  SCV  
  42  4:34  SCV  
  42  4:37  Factory Reactor  
  42  4:38  Starport  
  43  4:40  SCV, Refinery x2  
  43  4:43  Marine x2  
  46  4:45  Marine  
  46  4:46  SCV  
  46  4:52  SCV  
  49  4:59  SCV  
  50  5:00  Combat Shields  
  50  5:04  SCV  
  50  5:06  Marine x4  
  55  5:11  SCV  
  56  5:17  Orbital Command  
  56  5:20  SCV, Factory Reactor  
  57  5:23  SCV  
  57  5:25  Medivac x2  
  57  5:27  Marauder  
  63  5:29  Marauder  
  63  5:32  SCV  
  66  5:38  SCV, Orbital Command  
  66  5:39  Supply Depot  
  66  5:42  Marine  
  67  5:43  Supply Depot  
  67  5:44  SCV  
  69  5:53  Marine  
  69  5:54  Marauder x2  
  69  5:56  SCV x2  
  76  6:02  Supply Depot x2  
  76  6:06  SCV  
  76  6:07  Terran Infantry Armor Level 1  
  76  6:08  SCV x2  
  76  6:09  Concussive Shells  
  79  6:12  Widow Mine  
  79  6:15  Liberator x2  
  79  6:17  Marauder x2  
  85  6:18  SCV  
  85  6:21  SCV x2  
  85  6:28  Supply Depot, Widow Mine  
  91  6:40  Widow Mine  
  91  6:52  Marine x2  
  91  6:53  Marauder x2  
  97  7:00  SCV  
  97  7:01  SCV x2  
  99  7:08  Engineering Bay, Barracks x2  
  100  7:10  Armory, Marine x2  
  100  7:14  Marauder  
  100  7:15  Marauder, Medivac x2  
  110  7:19  SCV  
  111  7:28  Marine x2  
  111  7:29  Command Center  
  113  7:32  SCV x2  
  113  7:36  Marauder  
  117  7:44  Marine  
  117  7:45  Supply Depot, Medivac  
  117  7:46  Marine x2  
  117  7:50  Widow Mine  
  121  7:51  Medivac  
  121  7:56  Marine  
  121  8:02  Supply Depot  
  121  8:03  Supply Depot, Marauder  
  118  8:15  Marauder, Medivac  
  109  8:21  Medivac  
  109  8:25  Marine x3  
  109  8:26  Marine, Marauder  
  103  8:32  SCV x2, Barracks  
  103  8:33  Barracks  
  103  8:34  Barracks  
  105  8:36  Marine  
  106  8:42  Liberator  
  106  8:43  Marine x2  
  106  8:44  Barracks Reactor, Barracks Tech Lab  
  106  8:46  Planetary Fortress  
  106  8:47  Starport  
  108  8:48  Missile Turret  
  108  8:50  Marine  
  108  8:54  Marine  
  110  9:01  Marine x2  
  118  9:06  Marine  
  118  9:08  Marine  
  117  9:12  Marauder  
  119  9:17  Terran Infantry Weapons Level 2  
  119  9:18  Marine x2  
  121  9:25  Terran Infantry Armor Level 2, Marauder  
  121  9:26  Marauder  
  121  9:29  Refinery x2  
  122  9:31  Marine x2  
  122  9:32  Refinery x2  
  122  9:33  Marauder  
  122  9:35  Barracks Tech Lab x2  
  122  9:36  Barracks Reactor  
  126  9:45  Marine x2  
  126  9:46  Marauder  
  126  9:47  Marauder  
  126  9:49  Marine x2  
  134  9:53  Marine x2  
  134  9:55  Marauder  
  134  9:57  Supply Depot  
  134  9:58  Supply Depot  
  134  9:59  Supply Depot x2  
  138  10:03  Marine  
  138  10:05  SCV x4  
  134  10:08  Marauder  
  134  10:09  Marine x2, Marauder  
  134  10:11  Marauder  
  134  10:13  Liberator x2  
  127  10:14  Marine x2  
  127  10:15  Marauder  
  127  10:20  Marine x2  
  118  10:28  Marine x2  
  112  10:29  Marauder  
  112  10:30  Marauder  
  112  10:31  Starport Tech Lab  
  112  10:33  Marauder  
  124  10:36  Marauder  
  124  10:37  Marine x2  
  124  10:38  Marauder, Marine  
  131  10:47  Liberator  
  127  10:50  Marauder  
  127  10:55  Liberator  
  127  10:57  Marauder, Widow Mine, Marine x4  
  119  10:58  Widow Mine, Marauder x2  
  119  10:59  Marauder  
  119  11:03  Terran Vehicle Weapons Level 1  
  133  11:06  Marine  
  128  11:15  Marine  
  128  11:16  Marauder  
  114  11:25  Marine x3  
  111  11:26  Marine x2, Marauder x4  
  123  11:33  Marine  
  123  11:35  Widow Mine  
  123  11:37  Marauder  
  128  11:43  Marine  
  128  11:45  Marine  
  130  11:47  Marauder x2  
  130  11:48  Marauder x2  
  130  11:51  Fusion Core  
  130  11:54  Terran Infantry Weapons Level 3  
  138  12:02  Marine x2  
  138  12:03  Marauder  
  142  12:09  Marine x2  
  142  12:10  Marauder x2  
  148  12:17  Marine x2  
  148  12:18  Marauder x2  
  143  12:40  SCV  
  143  12:41  SCV  
  143  12:42  Marine x2  
  143  12:43  Marauder  
  140  12:56  Marine x2  
  140  12:57  Marauder x2  
  138  13:02  Marine x2  
  138  13:03  Marauder x2  
  138  13:04  Marauder  
  141  13:10  Marine  
  141  13:12  Marine  
  118  13:18  Marauder  
  106  13:25  Marine x2  
  106  13:26  Marauder  
  104  13:31  Marine  
  104  13:32  Marine  
  102  13:43  Medivac  
  102  13:45  Marine, Medivac  
  107  13:53  Marine  
  107  13:54  Marauder  
  110  14:01  SCV x3  
  110  14:02  Orbital Command  
  113  14:05  Marine x2  
  115  14:13  SCV  
  116  14:17  Liberator  
  116  14:18  Liberator x2  
  105  14:41  Marine, Marauder  
  104  14:53  Supply Depot  
  104  14:57  Marine x2  
  104  14:58  Marauder  
  104  15:00  Liberator  
  104  15:02  Marine x2  
  104  15:03  Marauder  
  104  15:04  Marine x2  
  104  15:05  Marauder  
  111  15:07  Liberator x2  
  111  15:10  Marine x2  
  111  15:19  Marauder  
  102  15:24  Marine  
  102  15:26  Marine  
  104  15:31  Marine x2  
  104  15:32  Marauder  
  108  15:37  Marauder x2  
  106  15:52  Marine  
  106  15:53  Marauder x2, Marine  
  106  15:54  Marauder  
  114  15:58  Marauder x2  
  114  16:01  SCV x4  
Show
View Real Time Build Order
Export as new Build Order

Apocalypse Protoss - Winner!

Build Orders: 1 Gate Expand 

Get SALT Encoding   

  12  0:02  Probe (Chrono Boost)  
  13  0:14  Probe (Chrono Boost)  
  13  0:18  Pylon  
  14  0:25  Probe (Chrono Boost)  
  15  0:36  Probe (Chrono Boost)  
  15  0:37  Gateway  
  16  0:47  Probe (Chrono Boost)  
  17  0:50  Assimilator  
  17  0:57  Probe (Chrono Boost)  
  18  1:08  Probe (Chrono Boost)  
  19  1:18  Probe (Chrono Boost)  
  19  1:25  Nexus  
  20  1:29  Probe (Chrono Boost)  
  21  1:38  Cybernetics Core  
  21  1:41  Probe (Chrono Boost)  
  22  1:48  Pylon  
  22  1:52  Probe (Chrono Boost)  
  23  1:57  Assimilator  
  23  2:06  Probe (Chrono Boost)  
  24  2:15  Warp Gate  
  24  2:17  Mothership Core (Chrono Boost)  
  24  2:22  Adept  
  28  2:27  Forge  
  28  2:36  Probe (Chrono Boost)  
  29  2:38  Probe (Chrono Boost)  
  30  2:46  Probe (Chrono Boost)  
  30  2:49  Probe (Chrono Boost), Adept  
  34  2:57  Probe (Chrono Boost)  
  35  2:58  Probe (Chrono Boost)  
  35  3:01  Protoss Ground Armor Level 1 (Chrono Boost)  
  36  3:08  Probe x2  
  38  3:16  Adept  
  38  3:18  Pylon  
  38  3:19  Probe  
  40  3:20  Probe  
  42  3:29  Probe  
  42  3:33  Probe  
  44  3:40  Probe  
  44  3:43  Adept  
  44  3:45  Probe, Robotics Facility  
  44  3:46  Pylon  
  48  3:52  Gateway  
  48  3:59  Probe  
  48  4:00  Probe  
  50  4:07  Assimilator  
  50  4:09  Probe, Assimilator  
  50  4:12  Probe  
  52  4:19  Pylon  
  52  4:20  Probe  
  52  4:22  Sentry  
  55  4:24  Probe  
  55  4:31  Probe  
  56  4:32  Gateway  
  56  4:33  Warp Prism (Chrono Boost)  
  56  4:35  Gateway  
  56  4:36  Probe  
  56  4:38  Pylon  
  60  4:43  Protoss Ground Weapons Level 1 (Chrono Boost)  
  60  4:47  Probe  
  61  4:53  Twilight Council  
  61  4:55  Sentry  
  63  5:01  Nexus  
  63  5:10  Observer (Chrono Boost)  
  63  5:14  Probe x2  
  66  5:26  Sentry x2, Probe x2  
  72  5:29  Pylon  
  72  5:30  Immortal (Chrono Boost)  
  72  5:32  Pylon  
  72  5:34  Resonating Glaives (Chrono Boost)  
  76  5:38  Stalker  
  78  5:45  Pylon  
  78  5:47  Probe  
  79  5:50  Stalker  
  79  5:52  Probe  
  79  5:54  Sentry  
  79  5:56  Pylon  
  84  5:59  Probe  
  84  6:01  Sentry, Pylon  
  87  6:06  Probe, Assimilator  
  87  6:09  Stalker  
  90  6:11  Probe, Assimilator  
  90  6:12  Probe  
  90  6:18  Probe  
  93  6:19  Stalker x2  
  93  6:23  Probe  
  93  6:24  Protoss Ground Armor Level 2  
  96  6:30  Adept  
  96  6:56  Stalker x3  
  96  6:57  Stalker  
  96  7:01  Gateway x2  
  104  7:03  Gateway  
  104  7:04  Pylon  
  104  7:11  Gateway  
  104  7:12  Gateway, Immortal  
  108  7:16  Gateway, Probe x2  
  108  7:18  Gateway  
  108  7:19  Probe  
  108  7:22  Blink (Chrono Boost)  
  111  7:23  Sentry x2  
  111  7:26  Adept  
  111  7:28  Adept  
  119  7:47  Probe  
  119  7:50  Photon Cannon  
  120  7:55  Photon Cannon  
  118  7:59  Probe  
  111  8:09  Stalker, Immortal  
  111  8:10  Stalker x3, Adept  
  113  8:20  Protoss Ground Armor Level 3  
  105  8:27  Adept x3  
  105  8:28  Adept x3  
  117  8:44  Nexus  
  117  8:46  Stalker x2  
  117  8:47  Pylon  
  117  8:48  Pylon  
  121  8:51  Immortal  
  123  9:03  Sentry x3  
  123  9:04  Sentry  
  123  9:07  Charge (Chrono Boost)  
  131  9:12  Stalker x4  
  139  9:18  Adept x2  
  139  9:19  Adept  
  145  9:28  Adept x3  
  151  9:37  Immortal  
  155  9:41  Adept  
  157  9:46  Pylon  
  157  9:48  Pylon  
  157  9:50  Pylon  
  157  9:51  Pylon  
  114  10:30  Adept x3  
  114  10:31  Adept x8  
  136  10:36  Immortal  
  140  10:43  Robotics Bay  
  140  10:45  Forge  
  110  11:12  Stalker x11  
  110  11:14  Protoss Shields Level 1  
  110  11:15  Immortal  
  126  11:18  Protoss Ground Weapons Level 2  
  126  11:34  Robotics Facility  
  126  11:35  Extended Thermal Lance  
  126  11:40  Adept  
  126  11:41  Adept x3  
  126  11:45  Assimilator  
  134  11:47  Assimilator  
  134  11:48  Probe  
  134  11:49  Probe  
  134  11:50  Photon Cannon  
  134  11:52  Photon Cannon  
  136  11:54  Observer, Photon Cannon  
  136  11:55  Adept x2  
  136  11:56  Adept, Photon Cannon  
  136  11:57  Adept  
  136  11:59  Adept  
  147  12:01  Nexus  
  147  12:02  Pylon x2  
  147  12:15  Disruptor (Chrono Boost)  
  147  12:20  Zealot x2  
  147  12:21  Zealot x2  
  147  12:22  Adept x5  
  154  12:39  Colossus (Chrono Boost)  
  146  12:50  Colossus (Chrono Boost)  
  120  13:13  Adept x4  
  120  13:14  Adept x7  
  128  13:30  Protoss Ground Weapons Level 3  
  128  13:33  Colossus (Chrono Boost), Protoss Shields Level 2  
  134  13:34  Stalker x3  
  134  13:35  Stalker x3  
  134  13:37  Colossus (Chrono Boost)  
  152  13:58  Assimilator  
  152  14:00  Gravitic Drive  
  152  14:01  Assimilator  
  152  14:06  Sentry x3  
  152  14:07  Sentry x3  
  152  14:09  Sentry x2  
  168  14:16  Adept x3  
  174  14:19  Disruptor (Chrono Boost)  
  174  14:31  Probe  
  166  14:36  Probe  
  166  14:37  Probe x2  
  169  14:45  Templar Archives  
  169  14:48  Immortal (Chrono Boost)  
  169  14:51  Immortal (Chrono Boost)  
  175  15:16  Pylon  
  163  15:29  Disruptor (Chrono Boost)  
  163  15:30  Disruptor (Chrono Boost)  
  163  15:33  Adept  
  163  15:34  Adept x5  
  163  15:35  Zealot x2  
  178  15:53  Stalker x4  
  178  15:54  Stalker x2  
Tags
 
Add a new tag
Caveats
  • Supply blocks, unpowered buildings, or Contaminate may cause inaccurate times.
  • Supply counts are checked every 10 seconds.